 Dungeon Crawl Stone Soup version 0.26.1-11-gd32895ea62 (webtiles) character file.

Game seed: 9849418527898697202

581 Almogavar the Slasher (level 7, -6/64 HPs)
             Began as a Palentonga Berserker on July 20, 2021.
             Was a Believer of Trog.
             Mangled by a small abomination (10 damage)
             ... on level 3 of the Dungeon.
             The game lasted 00:10:09 (3354 turns).

Almogavar the Slasher (Palentonga Berserker)        Turns: 3354, Time: 00:10:09

Health: -6/64      AC: 11    Str: 29    XL:     7   Next: 13%
Magic:  0/7        EV: 10    Int:  7    God:    Trog [**....]
Gold:   166        SH:  0    Dex:  9    Spells: 6/6 levels left

rFire    . . .     SeeInvis +   a - +0 falchion
rCold    . . .     Faith    .   (no shield)
rNeg     . . .     Spirit   +   b - +0 animal skin
rPois    .         Reflect  .   (no helmet)
rElec    .         Harm     .   (no cloak)
rCorr    .         Rampage  .   (no gloves)
Will     +++..                  (no barding)
Stlth    +.........             i - amulet of guardian spirit
HPRegen  1.20/turn              e - +6 ring of strength
MPRegen  0.10/turn              o - ring of willpower

@: berserk cooldown, regenerating, slowed, curled up, very slow
A: large, rugged brown scales 3, see invisible, deformed body, roll 1, armoured
tail, reflexive curl
a: Rolling Charge, Renounce Religion, Berserk, Trog's Hand


You were on level 3 of the Dungeon.
You worshipped Trog.
Trog was pleased with you.
You visited 1 branch of the dungeon, and saw 3 of its levels.

You collected 166 gold pieces.

Inventory:

Hand Weapons
 a - a +0 falchion (weapon)
 s - the +6 short sword "Jothajos" {distort, Dex+4}
   (You took it off a big kobold on level 3 of the Dungeon)

   It warps and distorts space around it.
   Unwielding it can cause banishment or high damage.
   It affects your dexterity (+4).
Armour
 b - a +0 animal skin (worn)
 q - a +0 scale mail
Jewellery
 e - a +6 ring of strength (left hand)
 i - an amulet of guardian spirit (around neck)
 o - a ring of willpower (right hand)
Scrolls
 c - 3 scrolls of identify {unknown}
 d - a scroll of blinking {unknown}
 f - a scroll of teleportation {unknown}
 g - a scroll of random uselessness {unknown}
 l - 2 scrolls of remove curse {unknown}
 m - a scroll of fear {unknown}
 p - a scroll of amnesia {unknown}
Potions
 h - a potion of degeneration {unknown}
 j - a potion of cancellation {unknown}
 n - 2 potions of heal wounds {unknown}
 r - a potion of attraction {unknown}


   Skills:
 + Level 4.7 Fighting
 + Level 6.1 Long Blades
 + Level 1.8 Armour
 + Level 3.2 Dodging
 + Level 0.9 Stealth


You had 6 spell levels left.
You didn't know any spells.
Your spell library was empty.

Dungeon Overview and Level Annotations

Branches:
Dungeon (3/15)

Altars:
Fedhas
Hepliaklqana
Ru
The Shining One

Annotations:
D:3 1 transporter


Innate Abilities, Weirdness & Mutations

You are completely covered in rugged brown scales. (AC +3, +7% HP)
You have supernaturally acute eyesight. (SInv)
Armour fits poorly on your strangely shaped body.
You can roll at nearby foes to attack.
You have a long armoured tail.
You curl defensively after being hit.


Message History

You feel yourself slow down.
You start resting.
You feel the effects of Trog's Hand fading.
You start resting.
Your skin stops crawling.
You feel less strong-willed.
You start resting.
A small abomination is nearby!
A small abomination is nearby!
Your skin crawls.
You feel strong-willed.
It was a potion of curing.
You feel better. The small abomination hits you!
You hit the small abomination but do no damage.
You tail-slap the small abomination.
The small abomination is lightly damaged.
The small abomination hits you!!
* * * LOW HITPOINT WARNING * * *
You feel better. The small abomination hits you!
* * * LOW HITPOINT WARNING * * *
The small abomination hits you!
You die...

.# #..##.#....####....###..# .#
#.......####..##..##x#..# .#
#.###..##.).:.[#..#..#..# .# #.#
#..#..#^..##..##.##.# .# #.#
#..##...###...##.^#.# .# #.#
#...##.##....##.###.# .# #.#
#...# ##©### 5 ##.# .#
##.###..#### ###.#.###..# ##
#...##..#©@#.#.W.##W#©..##
#...##..##x#.###K^#.##..##
#...##...##...#....^ ##..#
##.###.#..#..#.####.# ##.#
########.###.#.##...##..##.#.#.#
.....##...##.#.##.###...###.##.#
.###<#.........####.......###..#
.# #...........................#
.# ###......#.........##.......#


You could see a small abomination.

Vanquished Creatures
  The ghost of Descartes the Ruffian, an amateur TrCK of Xom (D:3)
  A big kobold (D:3)
  2 orc wizards (D:3)
  Jessica (D:3)
  Terence (D:3)
  Natasha (thrice) (D:3)
  7 adders
  An ufetubus (D:3)
  An ooze (D:1)
  3 worms
  11 orcs (D:3)
  7 ball pythons
  10 bats
  A giant cockroach (D:1)
  10 goblins
  4 hobgoblins
  9 jackals
  5 kobolds
  A quokka (D:3)
  7 frilled lizards
  5 rats
91 creatures vanquished.

Vanquished Creatures (others)
  19 plants (D:3)
19 creatures vanquished.

Grand Total: 110 creatures vanquished

Notes
Turn   | Place    | Note
-------+----------+-------------------------------------------
     0 | D:1      | Almogavar the Palentonga Berserker began the quest for the
                  | Orb.
     0 | D:1      | Reached XP level 1. HP: 20/20 MP: 1/1
    20 | D:1      | Reached XP level 2. HP: 21/27 MP: 2/2
   689 | D:1      | Reached XP level 3. HP: 31/33 MP: 3/3
  1106 | D:2      | Reached ** piety under Trog
  1128 | D:2      | Reached skill level 4 in Long Blades
  1360 | D:2      | Reached XP level 4. HP: 40/40 MP: 4/4
  1772 | D:2      | Found a hazy altar of Hepliaklqana.
  1965 | D:2      | Found a glowing golden altar of the Shining One.
  1967 | D:2      | Found a blossoming altar of Fedhas.
  1968 | D:2      | Found a sacrificial altar of Ru.
  2032 | D:3      | Noticed Jessica
  2038 | D:3      | Killed Jessica
  2042 | D:3      | Reached XP level 5. HP: 49/49 MP: 5/5
  2091 | D:3      | Noticed Terence
  2093 | D:3      | Killed Terence
  2297 | D:3      | Reached skill level 5 in Long Blades
  2673 | D:3      | Found a transporter.
  2673 | D:3      | Found a transporter.
  2678 | D:3      | Noticed a small abomination
  2689 | D:3      | Identified the +6 short sword "Jothajos" {distort, Dex+4}
  2690 | D:3      | Noticed Descartes's ghost (amateur TrCK)
  2748 | D:3      | Reached XP level 6. HP: 55/55 MP: 6/6
  2812 | D:3      | Noticed Natasha
  2823 | D:3      | Killed Natasha
  3010 | D:3      | Noticed Natasha
  3016 | D:3      | Killed Natasha
  3120 | D:3      | Noticed Natasha
  3121 | D:3      | Killed Natasha
  3340 | D:3      | Killed Descartes's ghost
  3341 | D:3      | Reached skill level 6 in Long Blades
  3341 | D:3      | Gained mutation: You curl defensively after being hit.
                  | [Palentonga growth]
  3341 | D:3      | Reached XP level 7. HP: 9/64 MP: 0/7
  3354 | D:3      | Mangled by a small abomination

Illustrated notes

Levels and vault maps discovered:
D:1:      onia_arrival_handbag, layout_loops_corners, minmay_heptomino_h4
D:2:      layout_loops_cross, nzn_hepliaklqana_mist_gate, minitemple
D:3:      layout_loops_ring, gammafunk_ghost_abyssal_escape,
          serial_bayou_lake_a, uniq_jessica, uniq_terence, uniq_natasha

Skill      XL: |  1  2  3  4  5  6 |
---------------+-------------------+-----
Dodging        | 2 3 |  3.2
Long Blades    | 4 5 6 |  6.1
Fighting       | 4 |  4.7
Armour         | |  1.8
Stealth        | |  0.9

Action                   |  1- 3 |  4- 6 |  7- 9 || total
-------------------------+-------+-------+-------++-------
Melee: Falchion          |    98 |   127 |     1 ||   226
       Tailslap          |    10 |    23 |     1 ||    34
Invok: Berserk           |     2 |     4 |       ||     6
       Trog's Hand       |       |     1 |     1 ||     2
 Abil: Rolling Charge    |    22 |    23 |       ||    45
  Use: Potion            |       |       |     2 ||     2
Armor: Animal skin       |    23 |    31 |       ||    54
Dodge: Dodged            |    43 |    53 |       ||    96
       Rpst.: Falchion   |    18 |    14 |       ||    32
